 Dungeon Crawl Stone Soup version 0.29.1-12-g30fa7ad0bf (webtiles) character file.

Game seed: 3967886094946732531

208 hawla the Firebug (level 6, -6/46 HPs)
             Began as a Meteoran Fire Elementalist on Jan 5, 2023.
             Was an Initiate of Vehumet.
             Mangled by a yak (10 damage)
             ... on level 5 of the Dungeon.
             The game lasted 00:06:18 (692 turns).

hawla the Firebug (Meteoran Fire Elementalist)       Turns: 692, Time: 00:06:19

Health: -6/46      AC:  2    Str: 10    XL:     6   Next: 34%
Magic:  13/13      EV: 13    Int: 19    God:    Vehumet [......]
Gold:   71         SH:  0    Dex: 14    Spells: 6/13 levels left

rFire   . . .      SeeInvis .   c - staff of earth
rCold   . . .      Faith    .   (no shield)
rNeg    . . .      Spirit   .   a - +0 robe
rPois   .          Reflect  .   (no helmet)
rElec   .          Harm     .   (no cloak)
rCorr   .          Rampage  .   (no gloves)
Will    .....                   (no boots)
Stlth   +.........              (no amulet)
HPRegen 0.15/turn               (no ring)
MPRegen 0.13/turn               (no ring)

@: glowing
A: sense surroundings 1, otherworldly, glowing, explore regen
a: Renounce Religion


You were on level 5 of the Dungeon.
You worshipped Vehumet.
Vehumet was noncommittal.
You visited 2 branches of the dungeon, and saw 6 of its levels.

You collected 71 gold pieces.

Inventory:

Armour
 a - a +0 robe (worn)
Magical Staves
 c - a staff of earth (weapon)


   Skills:
 + Level 0.7 Fighting
 + Level 0.4 Staves
 + Level 3.0 Dodging
 - Level 1.4 Stealth
 + Level 4.0 Spellcasting
 + Level 1.9 Conjurations
 + Level 5.4 Fire Magic
 + Level 2.0 Earth Magic
 + Level 2.0 Evocations


You had 6 spell levels left.
You knew the following spells:

 Your Spells              Type           Power      Damage    Failure   Level
a - Foxfire               Conj/Fire      68%        2x1d7     3%          1
b - Scorch                Fire           48%        2d7       2%          2
c - Flame Wave            Conj/Fire      17%        2d7       30%         4

Your spell library contained the following spells:

 Spells                   Type           Power      Damage    Failure   Level
 Conjure Flame            Conj/Fire      17%        6-21      9%          3
 Inner Flame              Hex/Fire       14%        N/A       14%         3


Dungeon Overview and Level Annotations

Branches:
Dungeon (5/15) Zot: 2357   Temple (1/1) D:4 Zot: 546

Altars:
Ashenzari
Elyvilon
Hepliaklqana
Kikubaaqudgha
Okawaru
Trog
Vehumet
Zin
Lugonu

Shops:
D:5 =:


Innate Abilities, Weirdness & Mutations

You passively map a small area around you.
You are easily found by Zot.
You glow in the dark.
You regain HP and MP as you explore.


Message History

You conjure some foxfire!
The yak gores you.
You hit the yak but do no damage.
The yak is almost dead.
The foxfire hits the yak.
The yak is burned terribly!
The yak is almost dead.
The foxfire hits the yak.
The yak is burned terribly!
You kill the yak!
Vehumet accepts your kill.
Training target 2.0 for Evocations reached!
Training target 2.0 for Earth Magic reached!
Your Earth Magic skill increases to level 2!
Your Evocations skill increases to level 2!
You need to enable at least one skill for training.
Your Dodging skill increases to level 3!
Your Spellcasting skill increases to level 4!
Your Fire Magic skill increases to level 5!
You have reached level 5!
You have reached level 6!
You feel stronger.
You aren't carrying any scrolls.
The yak attacks as you move away! The yak gores you!
The yak attacks as you move away! The yak barely misses you.
You aren't carrying any potions.
The yak attacks as you move away! The yak barely misses you.
The yak attacks as you move away! The yak gores you!
The yak attacks as you move away! The yak gores you!
* * * LOW HITPOINT WARNING * * *
The yak attacks as you move away! The yak gores you.
* * * LOW HITPOINT WARNING * * *
You aren't carrying any potions.
Found 7 gold pieces.
You hear the slow hiss of an avalanche of sand.
The yak attacks as you move away! The yak gores you!
* * * LOW HITPOINT WARNING * * *
The yak attacks as you move away! The yak gores you!
* * * LOW HITPOINT WARNING * * *
You aren't carrying any potions.
Unknown command.
The yak attacks as you move away! The yak gores you!
You die...

.......# ,** ,
......# , ,,
,...... , +, ,* , ,
....# , , ...# , #.
, ..#* #.. #.+∩
#... * *#@# #... *
,,,, #Y##..# , ,
#.#...# * ,
,####Y..# , * *
####.##..## * , *
#.....#Y.####
#.####..Y.......# ,
.....$..#######....
#.#####.# ###


You could see 3 yaks.

Vanquished Creatures
  A yak (D:5)
  4 adders (D:2)
  A worm (D:4)
  4 ball pythons
  2 bats (D:2)
  An endoplasm (D:2)
  2 goblins
  2 hobgoblins (D:4)
  3 quokkas
  5 frilled lizards
  2 kobolds (D:2)
  A rat (D:2)
28 creatures vanquished.

Vanquished Creatures (others)
  46 foxfires
46 creatures vanquished.

Grand Total: 74 creatures vanquished

Notes
Turn   | Place    | Note
-------+----------+-------------------------------------------
     0 | D:1      | hawla the Meteoran Fire Elementalist began the quest for
                  | the Orb.
     0 | D:1      | Reached XP level 1. HP: 14/14 MP: 5/5
    20 | D:1      | Reached XP level 2. HP: 9/20 MP: 3/6
    23 | D:1      | Learned a level 2 spell: Scorch
    45 | D:2      | Reached skill level 4 in Fire Magic
    67 | D:2      | Reached XP level 3. HP: 21/26 MP: 2/8
   202 | D:2      | Found a faded altar of an unknown god.
   217 | D:2      | Reached XP level 4. HP: 28/33 MP: 4/9
   222 | D:2      | Learned a level 4 spell: Flame Wave
   237 | D:2      | Reached skill level 1 in Earth Magic
   237 | D:2      | Reached skill level 1 in Evocations
   471 | D:4      | Found a staircase to the Ecumenical Temple.
   482 | Temple   | Entered the Ecumenical Temple
   521 | Temple   | Became a worshipper of Vehumet
   586 | D:5      | Entered Level 5 of the Dungeon
   603 | D:5      | Found Duerrol's Book Boutique.
   628 | D:5      | Found Niuq's Jewellery Shoppe.
   645 | D:5      | Noticed a yak
   645 | D:5      | Noticed a yak
   645 | D:5      | Noticed a yak
   653 | D:5      | Noticed a yak
   654 | D:5      | Noticed a yak
   657 | D:5      | Killed a yak
   658 | D:5      | Reached skill level 5 in Fire Magic
   658 | D:5      | Reached XP level 5. HP: 33/39 MP: 1/12
   658 | D:5      | Reached XP level 6. HP: 39/46 MP: 1/13
   690 | D:5      | HP: 1/46 [yak (11)]
   692 | D:5      | Mangled by a yak

Illustrated notes

Levels and vault maps discovered:
D:1:      dpeg_arrival_arbitrary_c, layout_loops_ring, minmay_vboxes
D:2:      layout_loops_ring, ebering_ecumenical_altar_webs, basic_altar,
          uniq_jessica
D:3:      layout_loops_ring, grunt_qazlal_clouds
D:4:      layout_loops_corners, minmay_temple_entry_mini_moons,
          chequers_serial_rivers_micro_c
D:5:      layout_loops_corners, nicolae_gozag_seed_capital,
          mainiacjoe_overflow_alcove_2, minitemple, nicolae_ossuary_entry_giza,
          serial_shops, nicolae_shop_advertising_works
          [nicolae_subvault_shop_adworks], nicolae_square_shop, shop,
          nicolae_diamond_shop, nicolae_lakefront_shop,
          amcnicky_mini_pool_medium, uniq_ijyb
Temple:   corrupted_temple

Skill      XL: |  1  2  3  4 |
---------------+-------------+-----
Fire Magic     | 4 5 |  5.4
Spellcasting   | 3 4 |  4.0
Earth Magic    | 2 |  2.0
Evocations     | 2 |  2.0
Dodging        | 3 |  3.0
Fighting       | |  0.7
Staves         | |  0.4
Stealth        | |  1.4
Conjurations   | |  1.9

Action                   |  1- 3 |  4- 6 || total
-------------------------+-------+-------++-------
Melee: Unarmed           |     2 |       ||     2
       Staff             |    17 |    12 ||    29
       Punch             |       |     1 ||     1
 Cast: Foxfire           |    16 |    12 ||    28
       Scorch            |     3 |     9 ||    12
  Use: Scroll            |       |     3 ||     3
       Potion            |       |     1 ||     1
Armor: Robe              |     7 |     1 ||     8
Dodge: Dodged            |    15 |    16 ||    31
